Map: 세룰리안 폴 - 래더

Players

Patience - Winner!

  • Race: Protoss Protoss
  • League: Master
  • Spawn Location: 7:00

soO

  • Race: Zerg Zerg
  • Spawn Location: 1:00

Event: IEM Season 13 - Katowice Server Qualifiers America

VOD

Have the link to the VOD?

Description

Time

  • Played on: Jan. 6, 2019, 6:37 p.m.
  • Length: 10:12

All games in this series

Show
View Real Time Build Order
Export as new Build Order

Patience Protoss - Winner!

Build Orders: Cannon Rush, Archon Immortal 

Get SALT Encoding   

  12  0:01  Probe  
  13  0:13  Probe  
  14  0:20  Pylon  
  14  0:24  Probe  
  15  0:34  Probe  
  15  0:38  Forge  
  15  0:42  Probe  
  17  0:54  Probe  
  18  1:06  Probe  
  19  1:12  Pylon  
  19  1:17  Pylon  
  19  1:24  Pylon  
  19  1:26  Pylon  
  19  1:30  Photon Cannon  
  19  1:43  Photon Cannon  
  18  1:47  Probe  
  18  1:51  Photon Cannon  
  19  2:03  Nexus  
  19  2:07  Gateway  
  19  2:08  Probe  
  20  2:20  Probe, Assimilator  
  21  2:26  Assimilator  
  21  2:32  Probe  
  22  2:44  Probe, Photon Cannon  
  23  2:54  Cybernetics Core  
  23  2:55  Probe  
  24  3:03  Probe  
  26  3:11  Probe  
  27  3:13  Photon Cannon  
  27  3:16  Probe  
  29  3:21  Adept  
  29  3:23  Warp Gate  
  29  3:26  Probe  
  28  3:31  Shield Battery  
  30  3:36  Shield Battery  
  30  3:40  Probe x2  
  32  3:43  Sentry  
  32  3:49  Shield Battery  
  32  3:52  Probe  
  32  3:54  Probe  
  36  3:57  Pylon  
  36  4:04  Twilight Council  
  36  4:08  Pylon  
  36  4:11  Sentry  
  36  4:12  Probe x2  
  40  4:23  Probe x2  
  40  4:25  Shield Battery  
  40  4:27  Pylon  
  42  4:33  Probe x2  
  44  4:40  Robotics Facility  
  44  4:45  Probe  
  45  4:46  Probe  
  45  4:51  Gateway  
  46  4:54  Photon Cannon  
  46  4:55  Pylon  
  46  5:03  Dark Shrine  
  46  5:14  Gateway  
  46  5:15  Gateway  
  46  5:22  Assimilator  
  46  5:25  Assimilator  
  46  5:31  Probe x2  
  46  5:32  Pylon  
  48  5:39  Warp Prism  
  48  5:42  Pylon  
  46  5:43  Probe x2  
  46  5:44  Gateway  
  46  5:45  Gateway, Pylon  
  48  5:55  Probe  
  51  6:00  Stalker  
  53  6:05  Forge  
  53  6:08  Gateway  
  53  6:09  Gateway  
  53  6:10  Observer  
  54  6:19  Gateway  
  54  6:21  Immortal  
  54  6:23  Protoss Ground Weapons Level 1  
  54  6:29  Probe x2  
  60  6:42  Dark Templar  
  60  6:43  Dark Templar x3  
  68  6:47  Pylon  
  68  6:50  Pylon  
  68  6:56  Immortal  
  68  7:00  Nexus  
  72  7:10  Charge  
  72  7:15  Sentry x2  
  76  7:25  Immortal  
  76  7:30  Probe x2  
  76  7:37  Pylon  
  82  7:42  Probe  
  83  7:48  Archon x2  
  83  7:54  Dark Templar  
  83  7:55  Dark Templar, Zealot x5  
  97  8:01  Archon, Zealot  
  99  8:06  Immortal  
  99  8:07  Probe x2  
  105  8:14  Pylon  
  105  8:38  Dark Templar  
  105  8:39  Dark Templar x2  
  105  8:40  Zealot  
  113  8:41  Zealot  
  113  8:42  Zealot x3  
  113  8:45  Archon  
  121  8:48  Pylon  
  121  8:50  Pylon  
  121  8:52  Pylon  
  121  8:58  Pylon  
  121  9:07  Observer, Dark Templar  
  121  9:09  Zealot x4  
  132  9:11  Zealot  
  132  9:13  Archon  
  132  9:14  Zealot  
  132  9:15  Sentry  
  118  9:42  Sentry x4  
  118  9:43  Stalker  
  120  9:45  Zealot x3  
  114  10:06  Zealot x7  
Show
View Real Time Build Order
Export as new Build Order

soO Zerg 

Build Orders: Hatch First, Zergling Baneling 

Get SALT Encoding   

  12  0:00  Drone  
  13  0:12  Overlord  
  13  0:17  Drone  
  14  0:32  Drone  
  15  0:44  Drone  
  15  0:49  Hatchery  
  15  0:52  Drone  
  15  0:56  Drone  
  17  1:00  Drone  
  18  1:10  Extractor  
  17  1:15  Spawning Pool  
  16  1:19  Drone  
  16  1:22  Drone  
  18  1:48  Drone  
  20  2:02  Queen  
  20  2:04  Spine Crawler, Zergling x2  
  20  2:05  Spine Crawler  
  21  2:12  Drone  
  24  2:27  Overlord, Metabolic Boost  
  24  2:28  Hatchery  
  23  2:45  Queen  
  25  2:53  Zergling x6  
  28  3:04  Baneling Nest  
  27  3:06  Zergling x2  
  27  3:10  Zergling x4  
  30  3:17  Overlord  
  30  3:35  Zergling x2  
  30  3:36  Zergling x2  
  30  3:40  Queen, Zergling x2  
  35  3:41  Zergling x2  
  36  3:50  Baneling  
  36  3:51  Baneling x5  
  36  3:52  Zergling x4  
  38  3:56  Zergling x2  
  38  3:57  Zergling x4  
  41  4:04  Zergling x2  
  42  4:14  Zergling x4  
  40  4:18  Drone  
  41  4:28  Drone x2  
  43  4:32  Hatchery  
  42  4:39  Baneling  
  42  4:40  Baneling x4  
  42  4:43  Baneling  
  42  4:46  Drone x2  
  44  4:53  Overlord  
  44  5:05  Drone  
  44  5:06  Drone x2  
  43  5:09  Overlord  
  43  5:13  Drone x2  
  45  5:17  Drone  
  45  5:18  Drone  
  46  5:24  Drone x2  
  48  5:29  Drone  
  48  5:36  Drone x4  
  48  5:41  Drone  
  48  5:42  Drone  
  54  5:48  Drone x2  
  56  5:51  Roach Warren, Drone  
  56  5:53  Drone  
  56  5:54  Drone  
  58  5:58  Overlord  
  58  6:05  Overlord  
  58  6:09  Drone  
  59  6:11  Overlord  
  59  6:12  Extractor  
  59  6:13  Overlord  
  58  6:21  Drone  
  58  6:24  Spore Crawler  
  58  6:25  Spore Crawler x2  
  56  6:31  Roach x6  
  68  6:36  Drone  
  68  6:38  Drone  
  70  6:43  Roach x2  
  70  6:47  Drone  
  75  6:48  Drone  
  74  6:57  Lair  
  74  7:01  Drone x4  
  76  7:03  Extractor  
  76  7:04  Roach x2  
  76  7:06  Drone x2  
  76  7:07  Drone x4  
  76  7:08  Drone  
  86  7:10  Extractor  
  85  7:17  Roach x2  
  85  7:18  Overlord  
  85  7:19  Overlord  
  85  7:22  Overlord  
  89  7:25  Extractor  
  89  7:27  Overlord  
  89  7:28  Overlord  
  88  7:30  Spine Crawler  
  86  7:40  Roach x6  
  98  7:48  Roach  
  98  7:49  Roach  
  102  7:52  Drone  
  102  7:53  Drone  
  102  7:54  Overseer  
  104  7:59  Glial Reconstitution  
  104  8:05  Zergling x8  
  108  8:06  Drone x3  
  108  8:07  Drone  
  108  8:11  Overlord  
  112  8:19  Queen  
  112  8:29  Spire  
  112  8:30  Ravager  
  112  8:32  Drone x2  
  112  8:33  Drone x2  
  116  8:34  Extractor, Drone x4  
  116  8:40  Roach x6  
  131  8:44  Overlord  
  131  8:47  Overlord  
  131  8:53  Roach x3  
  137  8:55  Ravager  
  137  8:58  Overlord  
  136  9:04  Baneling x5  
  136  9:05  Roach x4, Baneling x2  
  136  9:06  Zergling x2  
  145  9:10  Roach, Zergling x2  
  145  9:29  Roach x2  
  145  9:30  Roach x2  
  145  9:31  Roach x3  
  135  9:33  Roach x2  
  135  9:35  Roach  
  135  9:37  Roach x2  
  132  9:39  Roach  
  132  9:40  Roach x2  
  132  9:43  Roach  
  132  9:45  Roach  
  136  9:50  Roach  

Tags
 
Add a new tag
Caveats
  • Supply blocks, unpowered buildings, or Contaminate may cause inaccurate times.
  • Supply counts are checked every 10 seconds.